 Dungeon Crawl Stone Soup version 0.28.0 (webtiles) character file.

Game seed: 8526197784557695005

8 SnakkuSnakku7 the Ducker (level 2, -1/22 HPs)
             Began as a Merfolk Fire Elementalist on Feb 7, 2022.
             Slain by a hobgoblin (4 damage)
             ... on level 1 of the Dungeon.
             The game lasted 00:01:05 (186 turns).

SnakkuSnakku7 the Ducker (Merfolk Fire Elementalist) Turns: 186, Time: 00:01:05

Health: -1/22      AC:  2    Str:  8    XL:     2   Next: 8%
Magic:  1/5        EV: 12    Int: 14    God:
Gold:   25         SH:  0    Dex: 14    Spells: 4/5 levels left

rFire   . . .      SeeInvis .   c - +0 short sword
rCold   . . .      Faith    .   (no shield)
rNeg    . . .      Spirit   .   a - +0 robe
rPois   .          Reflect  .   (no helmet)
rElec   .          Harm     .   (no cloak)
rCorr   .          Rampage  .   (no gloves)
Will    .....                   (no boots)
Stlth   ++........              (no amulet)
HPRegen 0.07/turn               (no ring)
MPRegen 0.09/turn               (no ring)

@: very slightly contaminated
A: (nimble swimmer 2), mertail
a: no special abilities


You were on level 1 of the Dungeon.
You visited 1 branch of the dungeon, and saw 1 of its levels.

You collected 25 gold pieces.

Inventory:

Hand Weapons
 c - a +0 short sword (weapon)
Armour
 a - a +0 robe (worn)
Scrolls
 b - a scroll of holy word {unknown}
 d - a scroll of enchant weapon {unknown}


   Skills:
 + Level 1.9 Fighting
 - Level 2.6 Dodging
 - Level 2.1 Stealth
 - Level 2.0 Spellcasting
 - Level 0.7 Conjurations
 - Level 2.1 Fire Magic


You had 4 spell levels left.
You knew the following spells:

 Your Spells              Type           Power      Damage    Failure   Level
a - Foxfire               Conj/Fire      20%        2x1d5     13%         1

Your spell library contained the following spells:

 Spells                   Type           Power      Damage    Failure   Level
 Scorch                   Fire           14%        2d6       14%         2
 Conjure Flame            Conj/Fire      5%         6-21      36%         3
 Inner Flame              Hex/Fire       4%         N/A       41%         3
 Flame Wave               Conj/Fire      5%         2d5       78%         4


Dungeon Overview and Level Annotations

Branches:
Dungeon (1/15)

Altars:


Innate Abilities, Weirdness & Mutations

((You are very nimble when in or above water. (Stealth+, EV+, Speed+++)))
Your lower body shifts to a powerful aquatic tail in water.


Message History

Unknown command.
You barely miss the dart slug.
The dart slug is severely wounded.
The ball python closely misses you. The ball python barely misses you.
The hobgoblin barely misses you.
The dart slug bites you but does no damage.
You hit the dart slug.
The dart slug is almost dead.
The ball python closely misses you. The ball python barely misses you.
The hobgoblin hits you. The dart slug bites you. The ball python misses you.
The ball python grabs you. The ball python constricts you.
You hit the ball python but do no damage.
The ball python is moderately wounded.
The hobgoblin hits you. The ball python bites you.
The ball python constricts you. The dart slug bites you.
You are too injured to fight recklessly!
You escape the ball python's grasp.
You see here a giant cockroach corpse.
Casting: Foxfire (safe; 13% risk of failure)
Confirm with . or Enter, or press ? or * to list all spells.
You conjure some foxfire!
The hobgoblin closely misses you.
Your foxfire dissipates!
The foxfire hits the ball python.
You kill the ball python!
Casting: Foxfire (safe; 13% risk of failure)
Confirm with . or Enter, or press ? or * to list all spells.
You miscast Foxfire.
You are very lightly contaminated with residual magic.
Nothing appears to happen.
The hobgoblin hits you.
* * * LOW HITPOINT WARNING * * *
Casting: Foxfire (safe; 13% risk of failure)
Confirm with . or Enter, or press ? or * to list all spells.
You conjure some foxfire!
The hobgoblin closely misses you.
The foxfire hits the hobgoblin but does no damage.
The foxfire hits the hobgoblin.
The hobgoblin is almost dead.
Casting: Foxfire (safe; 13% risk of failure)
Confirm with . or Enter, or press ? or * to list all spells.
You miscast Foxfire.
Nothing appears to happen.
The hobgoblin hits you.
You die...

###########################
.......(..........##...#..##
..........#....#....#...##.
#....8...#...##..#.....#. #.
#...............##..#..# #..
##.††w.g..#...#...#..#..#
#...###...####@..#...##..#...#.
#........## ##....#..#...#..#.
.....8...# #.....##......##.
#........## #.........#...#.#
#...###...# #....##.##..#(..#.
#.. ##...............#...#..#
#. #.=.......#...#......†#.
....8...##....##....#...
.......#. #....#....##.


You could see a dart slug and a hobgoblin.

Vanquished Creatures
  An endoplasm (D:1)
  A giant cockroach (D:1)
  A kobold (D:1)
  3 ball pythons (D:1)
  2 bats (D:1)
8 creatures vanquished.

Vanquished Creatures (others)
  18 foxfires (D:1)
18 creatures vanquished.

Grand Total: 26 creatures vanquished

Notes
Turn   | Place    | Note
-------+----------+-------------------------------------------
     0 | D:1      | SnakkuSnakku7 the Merfolk Fire Elementalist began the quest
                  | for the Orb.
     0 | D:1      | Reached XP level 1. HP: 13/13 MP: 3/3
   100 | D:1      | Reached skill level 1 in Fighting
   162 | D:1      | Reached XP level 2. HP: 21/22 MP: 5/5
   186 | D:1      | Slain by a hobgoblin

Illustrated notes

Levels and vault maps discovered:
D:1:      erik_arrival_cave_to_civilisation [erik_arrival_cave_to_hall],
          layout_basic, serial_shops, shop, minmay_small_reverse_x

Skill      XL: |  1 |
---------------+----+-----
Fighting       | 1 |  1.9
Dodging        | |  2.6
Stealth        | |  2.1
Spellcasting   | |  2.0
Conjurations   | |  0.7
Fire Magic     | |  2.1

Action                   || total
-------------------------++-------
Melee: Short sword       ||    12
       Unarmed           ||     2
       Punch             ||     1
 Cast: Foxfire           ||    11
 Stab: Sleeping          ||     1
Armor: Robe              ||    20
Dodge: Dodged            ||    35
